 Dungeon Crawl Stone Soup version 0.01-2116-g4fbfe89bb7 (webtiles) character file.

Game seed: 2129992138640509221, levelgen mode: deterministic

1751 Lanoc the Agnostic (level 9, -3/69 HPs) Gnoll Demonspawn. Began on June 13, 2020. Slain by a wraith (9 damage) ... on level 3 of the Dungeon. The game lasted 00:06:21 (2367 turns).

Lanoc the Agnostic (Gnoll Demonspawn)               Turns: 2367, Time: 00:06:21

Health: -3/69      AC:  6    Str: 16    XL:     9 ^: 2146
Magic:  18/18      EV: 16    Int: 16    God:
Gold:   234        SH:  7    Dex: 17    Spells: 17/20 levels left

rFire    . . .     Vision   .   a - +0 war axe
rCold    + . .     Gourm    .   e - +0 buckler
rNeg     . . .     Faith    .   b - +0 leather armour
rPois    .         Spirit   .   f - +0 helmet
rElec    .         Reflect  .   (no cloak)
rCorr    .         Harm     .   k - +0 pair of clawed gauntlets
MR       .....                  (no boots)
Stlth    +++.......             (no amulet)
HPRegen  0.33/turn              (no ring)
MPRegen  0.28/turn              (no ring)

@: slowed, very slow
A: distributed training, fangs 1, hooves 2, iridescent scales 1, cold resistance
1, spiny 1, freezing cloud immunity, strong nose
a: no special abilities


You were on level 3 of the Dungeon.
You were hungry.

You visited 1 branch of the dungeon, and saw 4 of its levels.

You collected 234 gold pieces.

Inventory:

Weapons
 a - a +0 war axe (weapon) Shields
 e - a +0 buckler (shield)
Armour
 b - a +0 leather armour (worn)
 f - a +0 helmet (worn)
 k - a +0 pair of clawed gauntlets (worn)
Wands
 o - a wand of flame (1)
 q - a wand of ensnaring (8)
Scrolls
 g - 3 scrolls of fog
 h - 2 scrolls of magic mapping
 i - a scroll of immolation
 m - a scroll of teleportation
 p - a scroll of enchantment
 r - a scroll of amnesia
Potions
 c - 3 potions of curing
 j - 2 potions of heal wounds
 l - 3 potions of agility
 n - 2 potions of lignification
Comestibles
 d - 8 rations


   Skills:
 + Level 5.8 Fighting
 + Level 3.4 Short Blades
 + Level 3.4 Long Blades
 + Level 5.8 Axes & Hammers
 + Level 3.4 Whips & Flails
 + Level 3.4 Polearms
 + Level 3.4 Maces & Staves
 + Level 3.4 Slings
 + Level 3.4 Bows
 + Level 3.4 Crossbows
   Level 0.0 Throwing
 + Level 3.4 Armour
 + Level 7.4 Dodging
 + Level 5.5 Stealth
 + Level 3.4 Shields
 + Level 3.4 Unarmed Combat
 + Level 6.1 Spellcasting
 + Level 2.8 Hexes
 + Level 2.8 Charms
 + Level 2.8 Summonings
 + Level 2.8 Necromancy
 + Level 2.8 Translocations
 + Level 2.8 Transmutations
 + Level 2.8 Fire Magic
 + Level 2.8 Ice Magic
 + Level 2.8 Air Magic
 + Level 2.8 Earth Magic
 + Level 2.8 Poison Magic
 + Level 8.7 Invocations
 + Level 3.4 Evocations


You had 17 spell levels left.
You knew the following spells:

 Your Spells              Type           Power        Failure   Level  Hunger
a - Flame Tongue          Fire           14 (40)      6%          1    None
b - Blink                 Tloc           N/A          10%         2    #......

Your spell library contained the following spells:

 Spells                   Type           Power        Failure   Level  Hunger
 Call Imp                 Summ           14 (100)     10%         2    #......
 Slow                     Hex            14 (100)     10%         2    #......
 Conjure Flame            Fire           14 (100)     19%         3    ##.....
 Mephitic Cloud           Pois/Air       14 (100)     19%         3    ##.....


Dungeon Overview and Level Annotations

Branches:
Dungeon (4/8)
 Temple: D:4

Altars:
Ashenzari
Kikubaaqudgha
Okawaru
Sif Muna
Xom


Innate Abilities, Weirdness & Mutations

Your experience applies equally to all skills.
You have very sharp teeth.
You have hoof-like feet.
You are partially covered in iridescent scales. (AC +2)
You are cold resistant. (rC+)
You are partially covered in sharp spines.
You are immune to freezing clouds.
Your uncanny sense of smell can sniff out nearby items.


Message History

You destroy the wraith!
You have reached level 9!
Your experience leads to an increase in your attributes!
Increase (S)trength, (I)ntelligence, or (D)exterity?
You feel agile.
Your demonic ancestry asserts itself...
Your feet thicken and deform.
You hit the wraith but do no damage. The wraith barely misses you (0).
You hit the wraith (2). You kick the wraith, but do no damage.
Your bite misses the wraith.
The wraith is moderately damaged. (20/33) HP The wraith hits you (9)!
* * * LOW HITPOINT WARNING * * *
The wraith drains your vigour!
You feel as though you will be slow longer.
The wraith closely misses you (0).
You hit the wraith but do no damage. You kick the wraith, but do no damage.
Your bite misses the wraith.
The wraith is moderately damaged. (21/33) HP You block the wraith's attack.
The wraith hits you (9)!
You die...

.# #....#.........# <#
#.####.#.#####.#
#########.# #.#.÷..##.#
..........####.####.##)#
###########.......#....#
.....# #######.######
####.# #.#
####.############.###
................@.†>#
####.############W#.#
####.# #.#.# ...#.#
#.#.# ##.#.# #.#.#
#....# #.#.# #....#
#.#.# .....# #.#.#
#....# #.#.#


You could see a wraith.

Vanquished Creatures
  A wraith (D:3)
  A phantom (D:3)
  3 big kobolds (D:2)
  2 scorpions (D:3)
  A howler monkey (D:3)
  5 jellies (D:2)
  An orc priest (D:3)
  3 orc wizards (D:3)
  3 worker ants (D:3)
  48 sewer rats (D:2)
  A shadow imp (D:3)
  4 adders
  A white imp (D:3)
  16 cinder newts
  4 worms
  A killer bee zombie (D:4)
  A hound skeleton (D:4)
  3 oozes
  2 dart slugs (D:1)
  5 leopard geckos
  7 orcs (D:3)
  An adder skeleton (D:3)
  4 ball pythons
  A cinder newt skeleton (D:2)
  9 giant cockroaches
  2 goblins (D:1)
  6 hobgoblins (D:1)
  A jackal (D:4)
  22 kobolds
  5 bats
  A bat skeleton (D:2)
  A leopard gecko skeleton (D:2)
  An orc skeleton (D:2)
  6 rats (D:1)
  A withered plant (D:2)
174 creatures vanquished.

Vanquished Creatures (others)
  A jelly (D:2)
  A quokka skeleton (D:4)
  19 withered plants (D:2)
21 creatures vanquished.

Grand Total: 195 creatures vanquished

Notes
Turn   | Place    | Note
-------+----------+-------------------------------------------
     0 | D:1      | Lanoc the Gnoll Demonspawn began the quest for the Orb.
     0 | D:1      | Reached XP level 1. HP: 20/20 MP: 6/6
    40 | D:1      | Gained mutation: You are cold resistant. (rC+) [demonic
                  | ancestry]
    40 | D:1      | Reached XP level 2. HP: 26/26 MP: 7/7
   125 | D:1      | Gained mutation: You are partially covered in iridescent
                  | scales. (AC +2) [demonic ancestry]
   125 | D:1      | Reached XP level 3. HP: 26/31 MP: 9/9
   176 | D:1      | Reached skill level 5 in Spellcasting
   325 | D:1      | Gained mutation: You have large cloven feet. [demonic
                  | ancestry]
   325 | D:1      | Reached XP level 4. HP: 37/38 MP: 11/11
   328 | D:1      | Reached skill level 1 in Short Blades
   328 | D:1      | Reached skill level 1 in Long Blades
   328 | D:1      | Reached skill level 1 in Whips & Flails
   328 | D:1      | Reached skill level 1 in Polearms
   328 | D:1      | Reached skill level 1 in Maces & Staves
   328 | D:1      | Reached skill level 1 in Slings
   328 | D:1      | Reached skill level 1 in Bows
   328 | D:1      | Reached skill level 1 in Crossbows
   328 | D:1      | Reached skill level 1 in Armour
   328 | D:1      | Reached skill level 1 in Shields
   328 | D:1      | Reached skill level 1 in Unarmed Combat
   328 | D:1      | Reached skill level 1 in Evocations
   542 | D:2      | Noticed a big kobold
   557 | D:2      | Killed a big kobold
   557 | D:2      | Reached skill level 1 in Hexes
   557 | D:2      | Reached skill level 1 in Charms
   557 | D:2      | Reached skill level 1 in Summonings
   557 | D:2      | Reached skill level 1 in Necromancy
   557 | D:2      | Reached skill level 1 in Translocations
   557 | D:2      | Reached skill level 1 in Transmutations
   557 | D:2      | Reached skill level 1 in Fire Magic
   557 | D:2      | Reached skill level 1 in Ice Magic
   557 | D:2      | Reached skill level 1 in Air Magic
   557 | D:2      | Reached skill level 1 in Earth Magic
   557 | D:2      | Reached skill level 1 in Poison Magic
   557 | D:2      | Reached skill level 7 in Invocations
   557 | D:2      | Reached XP level 5. HP: 31/43 MP: 12/12
   602 | D:2      | Gained mutation: You are partially covered in sharp spines.
                  | [demonic ancestry]
   602 | D:2      | Reached XP level 6. HP: 46/50 MP: 13/13
   792 | D:2      | Reached skill level 5 in Fighting
   792 | D:2      | Reached skill level 5 in Axes & Hammers
   897 | D:2      | Gained mutation: You are immune to freezing clouds.
                  | [demonic ancestry]
   897 | D:2      | Reached XP level 7. HP: 39/56 MP: 15/15
   949 | D:2      | Learned a level 2 spell: Blink
  1338 | D:2      | Found an iron altar of Okawaru.
  1347 | D:2      | Found a shattered altar of Ashenzari.
  1351 | D:2      | Found a shimmering blue altar of Sif Muna.
  1392 | D:2      | Reached XP level 8. HP: 49/62 MP: 16/16
  1392 | D:2      | Reached skill level 5 in Stealth
  1447 | D:2      | Found a shimmering altar of Xom.
  1455 | D:2      | Reached skill level 8 in Invocations
  1605 | D:3      | Found an ancient bone altar of Kikubaaqudgha.
  2315 | D:4      | Noticed a wraith
  2315 | D:4      | Noticed a wraith
  2365 | D:3      | Killed a wraith
  2365 | D:3      | Gained mutation: You have hoof-like feet. [demonic
                  | ancestry]
  2365 | D:3      | Reached XP level 9. HP: 13/69 MP: 18/18
  2367 | D:3      | Slain by a wraith

Levels and vault maps discovered:
D:1:      dpeg_arrival_prison, layout_loops_ring
D:2:      layout_sewer, minmay_overflow_temple_star_quad, basic_altar,
          guppyfry_shop_venom
D:3:      layout_basic, lemuel_round_altar, first_ration
D:4:      layout_irregular_city, minmay_temple_entry_mist, grunt_pizzeria,
          ossuary_minmay_tomb_2a, uniq_crazy_yiuf_cottage

Skill      XL: |  1  2  3  4  5  6  7  8 |
---------------+-------------------------+-----
Spellcasting   | 5 6 |  6.1
Short Blades   | 1 2 3 |  3.4
Long Blades    | 1 2 3 |  3.4
Whips & Flails | 1 2 3 |  3.4
Polearms       | 1 2 3 |  3.4
Maces & Staves | 1 2 3 |  3.4
Slings         | 1 2 3 |  3.4
Bows           | 1 2 3 |  3.4
Crossbows      | 1 2 3 |  3.4
Armour         | 1 2 3 |  3.4
Shields        | 1 2 3 |  3.4
Unarmed Combat | 1 2 3 |  3.4
Evocations     | 1 2 3 |  3.4
Hexes          | 1 2 |  2.8
Charms         | 1 2 |  2.8
Summonings     | 1 2 |  2.8
Necromancy     | 1 2 |  2.8
Translocations | 1 2 |  2.8
Transmutations | 1 2 |  2.8
Fire Magic     | 1 2 |  2.8
Ice Magic      | 1 2 |  2.8
Air Magic      | 1 2 |  2.8
Earth Magic    | 1 2 |  2.8
Poison Magic   | 1 2 |  2.8
Invocations    | 7 8 |  8.7
Fighting       | 5 |  5.8
Axes & Hammers | 5 |  5.8
Dodging        | 7 |  7.4
Stealth        | 5 |  5.5

Action                   |  1- 3 |  4- 6 |  7- 9 || total
-------------------------+-------+-------+-------++-------
Melee: War axe           |    56 |    97 |   172 ||   325
       Unarmed           |     4 |       |       ||     4
       Bite              |     5 |    11 |    24 ||    40
       Kick              |       |    32 |    62 ||    94
 Cast: Flame Tongue      |       |       |    17 ||    17
 Stab: Sleeping          |     7 |     2 |     6 ||    15
  Eat: Chunk             |       |       |     5 ||     5
Armor: Leather armour    |     8 |    11 |    31 ||    50
Dodge: Dodged            |    33 |    93 |   146 ||   272
Block: Buckler           |    11 |    40 |    83 ||   134
